[Event "*** Titled Tuesday Blitz"]
[Site "Chess.com"]
[Date "2021.02.09"]
[Round "4"]
[White "ViktoriyaTarasova"]
[Black "MFBerna"]
[Result "1/2-1/2"]
[WhiteElo "2312"]
[BlackElo "2513"]
[TimeControl "180+1"]
[EndTime "10:41:48 PST"]
[Termination "Game drawn - insufficient material"]

1. d4 d5 2. c4 dxc4 3. e4 e5 4. Nf3 Nf6 5. Nc3 exd4 6. Qxd4 Qxd4 7. Nxd4 Bb4 8. f3 O-O 9. Bxc4 Nbd7 10. Be3 Nb6 11.
Be2 Re8 12. O-O c6 13. Rac1 Bd7 14. Rfd1 Rad8 15. Nb3 Be6 16. Nd4 Bc8 17. a3 Bf8 18.
Nb3 h6 19. Nc5 Nh5 20. g3 Nf6 21.
Bf2 g6 22. a4 Bg7 23. a5 Na8 24. Rxd8 Rxd8 25. Rd1 Rxd1+ 26. Bxd1 Nc7 27. N5a4 a6 28. Bb3 Be6 29. Bxe6 Nxe6 30. Kf1 Nd7 31. Ke2 Kf8 32.
Kd3 Ke7 33. h4 h5 34. Kc4 Ne5+ 35. Kb3 Nxf3 36. Nc5 Nxc5+ 37. Bxc5+ Kd7 38. Kc2 Be5 39. Bf2 g5 40. Kd3 gxh4 41. gxh4 Bf6 42. Na4 Bxh4 43. Nc5+ Kc7 44. Be3 Be7 45. Bf4+ Kc8 46. Nb3 h4 47. Ke3 Ne1 48. Ke2 Nc2 49. Kf3 Nb4 50. Nd4 Nd3 51.
Bh2 Nxb2 52. Nf5 Bd8 53. Nd6+ Kd7 54. Nxb7 Na4 55. Kg4 Bc7 56. e5 Kc8 57. Nd6+ Bxd6 58. exd6 Kd7 59. Kxh4 Nc5 60. Kg5 Nb7 61. Kf6 Nxd6 62.
Ke5 Nc4+ 63. Kd4 Nxa5 64. Kc5 Nb7+ 65. Kb6 Nd6 66. Kxa6 f5 67. Kb6 Nc4+ 68. Kc5 Nd2 69. Bf4 Ne4+ 70. Kd4 Ke6 71. Bh2 c5+ 72. Kc4 Kd7 73.
Kd5 Ke7 74. Ke5 Nd6 75. Bf4 c4 76. Kd4 Ke6 77. Bh2 Kd7 78. Kd5 c3 79. Bf4 c2 80.
Kd4 Ne4 81. Kd3 Nf2+ 82. Kxc2 Ne4 83. Kd3 Ke6 84. Ke3 Nf6 85. Kf3 Kd5 86. Bh2 Ke6 87. Bf4 Ng4 88. Bh2 Kf6 89. Bf4 Kg6 90. Bg3 Nf6 91. Bf4 Nd5 92. Bb8 Kg5 93. Be5 f4 94.
Bxf4+ 1/2-1/2

[Event "*** Titled Tuesday Blitz"]
[Site "Chess.com"]
[Date "2021.02.09"]
[Round "4"]
[White "ArjunErigaisi2003"]
[Black "chessasuke"]
[Result "1/2-1/2"]
[WhiteElo "2892"]
[BlackElo "2566"]
[TimeControl "180+1"]
[EndTime "10:42:00 PST"]
[Termination "Game drawn - insufficient material"]

1. g3 d5 2. Bg2 Nf6 3. Nf3 e6 4. O-O b5 5. a4 b4 6. c4 bxc3 7.
dxc3 a5 8. Qc2 Ba6 9. Rd1 Be7 10. Bg5 Nbd7 11. Nd4 Bb7 12. Nd2 O-O 13. e4 c6 14.
Re1 h6 15. Bxf6 Bxf6 16. Rad1 Qb6 17. N2f3 dxe4 18. Nd2 Bxd4 19. cxd4 c5 20. Bxe4 Bxe4 21. Rxe4 cxd4 22. Nc4 Qc6 23. Rdxd4 Nf6 24. Re5 Nd5 25. Qe4 Qxa4 26. Rxe6 fxe6 27. Qxe6+ Kh8 28. Qxd5 Qa1+ 29. Kg2 Qe1 30. Rf4 Rad8 31. Qxa5 Qxa5 32. Rxf8+ Rxf8 33. Nxa5 Rb8 34. Nc4 Rb4 35. Ne3 Rxb2 36. h4 Kg8 37. Kf3 g6 38. Ng4 Kg7 39. Ne3 Rb3 40. Kg2 Ra3 41. Ng4 h5 42. Ne5 Kf6 43. Nc4 Ra8 44. Nd2 Kf5 45. Nf3 Ra4 46. Ng5 Ra6 47. Nf3 Ke4 48. Ng5+ Kd3 49. Nh3 Ke2 50. Nf4+ Ke1 51. Nd3+ Kd2 52. Nf4 Rb6 53. Kf3 Ke1 54. Kg2 Rd6 55.
Kg1 Kd2 56. Kg2 Ke1 57. Kg1 Rd2 58. Nxg6 Rxf2 59. Nf4 Ra2 60. Nxh5 Ke2 61. Kg2 Ke3+ 62. Kh3 Kf3 63. Nf4 Ra1 64. Kh2 Kg4 65. Kg2 Ra2+ 66. Kf1 Kxg3 67. Nd3 Kxh4 68. Ke1 Kg4 69. Kd1 Kf3 70.
Nb4 Rh2 71. Nc2 Ke4 72. Ne1 Kd5 73. Nd3 Kd4 74. Nf4 Rf2 75. Ne2+ Ke3 76. Nc3 Rd2+ 77. Ke1 Rc2 78. Nd1+ Kf3 79. Kf1 Re2 80. Nc3 Re7 81. Nd1 Rh7 82. Ke1 Rd7 83. Nc3 Rd3 84. Nd1 Ra3 85. Kd2 Ke4 86. Nc3+ Ke5 87. Kd3 Ra8 88. Kc4 Rc8+ 89. Kd3 Rh8 90. Kc4 Kd6 91. Kd3 Kc5 92. Ne4+ Kb4 93. Kd4 Rh5 94. Nd6 Rh1 95. Ne4 Rd1+ 96.
Ke5 Kc4 97. Nd6+ Kd3 98. Kd5 Rd2 99. Ne4 Rh2 100. Nc5+ Kc3 101. Ne4+ Kb4 102. Kd4 Rh5 103. Nf6 Rh4+ 104. Kd5 Kb5 105. Ke5 Rc4 106. Ne4 Rc8 107. Nd6+ Kc6 108. Nxc8 1/2-1/2

[Event "*** Titled Tuesday Blitz"]
[Site "Chess.com"]
[Date "2021.02.09"]
[Round "4"]
[White "champ2005"]
[Black "Vanina1989"]
[Result "0-1"]
[WhiteElo "3002"]
[BlackElo "2717"]
[TimeControl "180+1"]
[EndTime "10:42:07 PST"]
[Termination "Vanina1989 won on time"]

1. d4 d5 2. Bf4 Nf6 3. e3 c5 4. Nf3 Nc6 5. Nbd2 e6 6. c3 Nh5 7. Be5 f6 8. Bg3 Nxg3 9. hxg3 Bd6 10. Bd3 f5 11. g4 fxg4 12. Ng1 Qg5 13. Ne2 Bd7 14.
dxc5 Bxc5 15. Nf4 O-O-O 16. Rh5 Qf6 17. Qxg4 e5 18. Rf5 exf4 19. Rxf6 Bxg4 20. Rxf4 Be6 21.
Nb3 Bd6 22. Rh4 Ne5 23. Be2 Rdf8 24. Nd4 Bd7 25. f4 Ng6 26. Rh1 Re8 27. Kd2 Ne7 28.
Bf3 h6 29. Rh5 g6 30. Rh2 g5 31. g3 g4 32. Be2 Nf5 33. Nxf5 Bxf5 34. Rh5 Be4 35. Bxg4+ Kc7 36. Bf5 Bf3 37. Rh2 Bc5 38.
Re1 h5 39. b4 Bb6 40. Rf2 Bg4 41. Bg6 Re7 42. f5 Rf8 43. Rf4 Rf6 44. a4 a5 45.
bxa5 Bxa5 46. Kc2 Bb6 47. Kd3 Re5 48. e4 dxe4+ 49. Rexe4 Bxf5 50. Bxf5 Rfxf5 51. Rxf5 Rxf5 52. g4 hxg4 53. Rxg4 Ba5 54. Kc2 Rf3 55. Rc4+ Kb6 56. Kb3 Rg3 57. Rc8 Ka7 58. Rc5 Bb6 59. Rc4 Bd8 60. Rc8 Bf6 61. Rc4 Kb6 62. Rc8 Rh3 63.
Rc4 Rh8 64. Rf4 Be7 65. Re4 Bd6 66. Rd4 Kc6 67. Rc4+ Bc5 68. Rg4 Rd8 69. Rg6+ Rd6 70. Rg4 Rh6 71. Kc4 Bd6 72. Re4 Rf6 73. Kb3 Rf4 74.
Re3 b6 75. Rh3 Bc5 76. Rd3 Re4 77. Rh3 Re3 78. Rh4 Kd5 79. Rh5+ Re5 80. Rh4 Rg5 81.
Rh3 Ke4 82. Kc4 Be3 83. Rh4+ Kf3 84. Rh3+ Ke2 85. Rh2+ Bf2 86. Rh6 Rc5+ 87. Kb3 Be1 88. Re6+ Kd1 89. Rxb6 Rxc3+ 90. Kb4 Rc8+ 91. Kb5 Ra8 92.
Ra6 Rb8+ 93. Rb6 Rh8 94. Rd6+ Kc2 95. Rc6+ Kb3 96. a5 Bf2 97. a6 Rh5+ 0-1

[Event "*** Titled Tuesday Blitz"]
[Site "Chess.com"]
[Date "2021.02.09"]
[Round "4"]
[White "EdmundPlayer"]
[Black "eCztery"]
[Result "1/2-1/2"]
[WhiteElo "2179"]
[BlackElo "2477"]
[TimeControl "180+1"]
[EndTime "10:42:15 PST"]
[Termination "Game drawn by agreement"]

1. e4 c5 2. Nf3 g6 3. c4 Nc6 4. d4 cxd4 5. Nxd4 Nf6 6. Nc3 Nxd4 7. Qxd4 d6 8. Be3 Bg7 9. f3 O-O 10. Qd2 a5 11. g3 a4 12. Be2 Qa5 13. O-O Be6 14.
Nd5 Qxd2 15. Nxe7+ Kh8 16. Bxd2 Rfe8 17. Nd5 Nxd5 18.
cxd5 Bxd5 19. Bb5 Bc6 20. Bxc6 bxc6 21. Bc3 Reb8 22. Rfd1 Rxb2 23. Bxb2 Bxb2 24. Rab1 a3 25. Rxd6 c5 26. Rbd1 Kg7 27. Rc6 Ra4 28. Rxc5 Bd4+ 29. Rxd4 Rxd4 30. Rc2 Rb4 31. Re2 Kf6 32. Kf2 Ke5 33.
Rd2 f5 34. Ke3 fxe4 35. fxe4 Rxe4+ 36. Kf3 Rb4 37. Rd3 Ra4 38. Rb3 h5 39. h4 Ra5 40.
Rb6 Kd4 41. Rxg6 Kc3 42. Rg5 Ra6 43. Rxh5 Kb2 44. Re5 Kxa2 45. h5 Kb2 46. g4 Kc3 47. Re3+ Kd4 48. Re1 a2 49. Ra1 Ke5 50. Kg3 Kf6 51.
Kh4 Ra4 52. Rf1+ Kg7 53. Ra1 Kh6 54. Kh3 Kg5 55. Kh2 Ra3 56. Kg2 Kh6 57. Kh2 Ra4 58. Kg2 Kg5 59. Kh2 Kf6 60. Kh3 Ke5 61. Kh2 Kf4 62. Kh3 Ra3+ 63. Kh2 Kxg4 64. h6 Ra8 65. Kg2 Kf5 66. h7 Kg6 67. h8=Q Rxh8 68. Rxa2 Rf8 69. Ra6+ Kg5 70. Ra5+ Kg4 71. Ra4+ Kf5 72. Ra5+ Ke4 73. Ra6 Rg8+ 74. Kf2 Rb8 75. Kg3 Rb3+ 76. Kg4 Rb1 77. Kg5 Rg1+ 78. Kf6 Rh1 79. Re6+ Kd5 80. Re2 Rh6+ 81.
Kg5 Rh8 82. Kg6 Rg8+ 83. Kf7 Rg1 84. Rd2+ Ke5 85. Ra2 Rf1+ 86. Ke7 Rb1 87. Ra5+ Kd4 88. Ra4+ Kc5 89. Ra5+ Kb6 90. Rh5 Re1+ 91. Kd6 Rd1+ 92. Ke5 Rb1 93. Ke4 Rb4+ 94. Kd3 Rb3+ 95. Kc2 Rg3 96. Kd2 Kc6 97. Ke2 Rg6 98. Rf5 Rd6 99.
Ra5 Kd7 100. Ra7+ Ke6 101. Rh7 Rd5 102. Rh6+ Kf7 103. Rh7+ Kg6 104. Ra7 Re5+ 105. Kf2 Kf5 1/2-1/2

[Event "*** Titled Tuesday Blitz"]
[Site "Chess.com"]
[Date "2021.02.09"]
[Round "4"]
[White "kirillshevchenko"]
[Black "enriquetejedor"]
[Result "0-1"]
[WhiteElo "2801"]
[BlackElo "2542"]
[TimeControl "180+1"]
[EndTime "10:43:58 PST"]
[Termination "enriquetejedor won by resignation"]

1. c4 e6 2. e4 d5 3. cxd5 exd5 4. Qb3 dxe4 5. Bc4 Qd7 6. d3 Nc6 7. dxe4 Na5 8. Qc3 Nxc4 9. Qxc4 Qg4 10. Ne2 Nf6 11.
Nbc3 Bd6 12. O-O O-O 13. f3 Qh5 14. Bf4 Be6 15. Qa4 Qc5+ 16. Kh1 Rfd8 17. Rad1 h6 18. Bxd6 Rxd6 19. Rxd6 Qxd6 20. Rd1 Qe7 21. Nd4 c6 22. Nxe6 Qxe6 23. Qb4 b6 24. Rd6 c5 25. Rxe6 cxb4 26.
Re7 bxc3 27. bxc3 Rc8 28. Rxa7 Rxc3 29. h4 Nh5 30. Ra6 Rc1+ 31. Kh2 Rb1 32. g3 Nf6 33.
Ra8+ Kh7 34. Ra7 Kg6 35. a4 h5 36. Rb7 Rb2+ 37. Kh3 Rb4 38. Kg2 Rxa4 39. Rxb6 Ra2+ 40. Kh3 Kh7 41. Rb7 Kg6 42. Rb6 Ra5 43. Kg2 Re5 44. Ra6 Re6 45. Ra7 Nh7 46. Kf2 f6 47. Ke3 Kh6 48.
f4 Nf8 49. Kf3 Kh7 50. Ra8 Nd7 51. Rd8 Nc5 52. Rd4 Ra6 53. e5 fxe5 54. fxe5 Kg6 55. Rd5 Ne6 56. Rd3 Kf5 57. Ke3 Kxe5 58. Rb3 Rd6 59.
Rb5+ Rd5 60. Rb8 Kf6 61. Ke4 Re5+ 62. Kf3 Nd4+ 63. Kf4 Ne6+ 64. Kf3 Rf5+ 65. Ke3 g6 66. Re8 Re5+ 67. Kf2 Ng7 68. Rf8+ Ke7 69. Ra8 Rf5+ 70.
Kg2 Ne6 71. Rg8 Kf7 72. Ra8 Rd5 73. Ra6 Kf6 74. Kf3 Rd3+ 75. Kg2 Rc3 76. Ra5 Rc5 77. Ra6 Kf5 78. Kf3 Rc3+ 79. Kg2 Re3 80. Ra5+ Re5 81. Ra4 Re4 82. Ra5+ Kg4 83. Kf2 Rb4 84. Re5 Rb2+ 85.
Ke3 Nf8 86. Rg5+ Kh3 87. Ke4 Rb4+ 88. Kf3 Rg4 89. Re5 Rxg3+ 90. Kf2 Kxh4 91. Re8 Nh7 92.
Re4+ Rg4 93. Re1 Nf6 94. Re6 Kg5 95. Kf3 Rf4+ 96. Kg3 Rf5 97. Ra6 h4+ 98. Kg2 Nh5 99. Ra4 Nf4+ 100. Kf3 Nd5+ 101. Kg2 Rf4 102. Ra5 Rf5 103. Ra4 Kh5 104. Ra8 g5 105. Kh2 Kg4 106. Ra5 Rf4 107. Rxd5 Rf2+ 108. Kg1 Ra2 109. Rd3 Ra4 110. Rc3 Kf4 111. Kh2 g4 112. Kg2 Rd4 113. Rc2 Re4 114. Rf2+ Kg5 115. Ra2 Rf4 116. Rc2 h3+ 117. Kg3 Rf3+ 118. Kh2 Kh4 119. Kg1 Kg3 120. Rg2+ Kh4 121. Ra2 Rd3 122. Ra1 Rd2 123. Re1 Rg2+ 124. Kh1 Ra2 125. Rc1 Ra4 126. Rb1 g3 127.
Rc1 Kg4 128. Rb1 Rf4 129. Kg1 Re4 130. Rc1 Kf3 131. Rf1+ Kg4 132. Ra1 Rb4 133. Rd1 Ra4 134. Rc1 h2+ 135. Kg2 Ra2+ 136. Kh1 Kh3 137. Rc3 Ra1+ 0-1

[Event "*** Titled Tuesday Blitz"]
[Site "Chess.com"]
[Date "2021.02.09"]
[Round "5"]
[White "andriipalchuk"]
[Black "Sibelephant"]
[Result "0-1"]
[WhiteElo "2578"]
[BlackElo "3023"]
[TimeControl "180+1"]
[EndTime "10:51:34 PST"]
[Termination "Sibelephant won by resignation"]

1. d4 Nf6 2. c4 b6 3. Nf3 Bb7 4. g3 g6 5. Bg2 Bg7 6. O-O O-O 7. b3 c5 8. Bb2 cxd4 9. Qxd4 d6 10.
Nc3 Ne4 11. Qe3 Nd7 12. Nd4 Nxc3 13. Bxb7 Bxd4 14. Qd3 Nc5 0-1

[Event "*** Titled Tuesday Blitz"]
[Site "Chess.com"]
[Date "2021.02.09"]
[Round "5"]
[White "profofchess"]
[Black "ecwinslow"]
[Result "1-0"]
[WhiteElo "2428"]
[BlackElo "2257"]
[TimeControl "180+1"]
[EndTime "10:51:48 PST"]
[Termination "profofchess won by resignation"]

1. e4 c5 2. Nf3 d6 3. d4 cxd4 4. Nxd4 Nf6 5. Nc3 g6 6. Be3 Bg7 7. f3 O-O 8. Qd2 Nc6 9. O-O-O d5 10. exd5 Nxd5 11. Nxc6 bxc6 12. Bd4 Bxd4 13. Qxd4 Qb6 14. Bc4 Qxd4 15. Rxd4 Nxc3 16. bxc3 a5 17. Re1 e6 18.
Rd6 Bb7 19. Rd7 Rfc8 20. Rxb7 1-0

[Event "*** Titled Tuesday Blitz"]
[Site "Chess.com"]
[Date "2021.02.09"]
[Round "5"]
[White "NicoChasin"]
[Black "Indianlad"]
[Result "0-1"]
[WhiteElo "2598"]
[BlackElo "2901"]
[TimeControl "180+1"]
[EndTime "10:52:22 PST"]
[Termination "Indianlad won by resignation"]

1. d4 g6 2. c4 Bg7 3. Nf3 Nf6 4. Nc3 d5 5. Bf4 O-O 6. e3 c5 7. dxc5 Ne4 8. Nxe4 dxe4 9. Qxd8 Rxd8 10. Nd2 Bxb2 11. Rd1 Bc3 12. Ke2 Bxd2 13. Rxd2 Bg4+ 14. Ke1 Na6 15. h3 Be6 16. Rxd8+ Rxd8 17. Be5 Nxc5 18. Bd4 b6 19. Be2 Nd3+ 20. Bxd3 exd3 21. Kd2 Bxc4 22. Rc1 b5 23. Bxa7 Ra8 24. Bd4 Rxa2+ 25. Kc3 f6 26. f4 Rxg2 0-1

[Event "*** Titled Tuesday Blitz"]
[Site "Chess.com"]
[Date "2021.02.09"]
[Round "5"]
[White "FMalexhdez"]
[Black "northridgehawk"]
[Result "0-1"]
[WhiteElo "2177"]
[BlackElo "2350"]
[TimeControl "180+1"]
[EndTime "10:52:52 PST"]
[Termination "northridgehawk won by resignation"]

1. e4 e5 2. Nf3 Nc6 3. Bc4 Nf6 4. d3 Bc5 5. c3 d6 6. Nbd2 a6 7. Bb3 Ba7 8. Qe2 O-O 9. h3 Be6 10. g4 Re8 11. Nf1 d5 12. Ng3 d4 13. g5 Nd7 14.
Nf5 Nc5 15. Bc2 Bxf5 16. exf5 e4 17. dxe4 d3 18. Bxd3 Nxd3+ 19. Kf1 Nxf2 20. Rh2 Nxe4 0-1

[Event "*** Titled Tuesday Blitz"]
[Site "Chess.com"]
[Date "2021.02.09"]
[Round "5"]
[White "szachuspl"]
[Black "Godzillator"]
[Result "1-0"]
[WhiteElo "2523"]
[BlackElo "2268"]
[TimeControl "180+1"]
[EndTime "10:52:53 PST"]
[Termination "szachuspl won by resignation"]

1. d4 d5 2. c4 c6 3. Nf3 Nf6 4. Nc3 a6 5. a4 e6 6. Bg5 a5 7. e3 Na6 8. Be2 Nb4 9. O-O Be7 10. Ne5 O-O 11. f4 b6 12. Rf3 Ba6 13. cxd5 exd5 14. Bxa6 Rxa6 15. Rg3 g6 16. h4 Ne4 17. Nxe4 dxe4 18.
Bxe7 Qxe7 19. h5 c5 20. hxg6 fxg6 21. Nxg6 hxg6 22. Rxg6+ Kf7 23. Qh5 Rh8 24. Rh6+ 1-0

[Event "*** Titled Tuesday Blitz"]
[Site "Chess.com"]
[Date "2021.02.09"]
[Round "5"]
[White "HanSchut"]
[Black "Dahamdi_Sanudula"]
[Result "1-0"]
[WhiteElo "2286"]
[BlackElo "1709"]
[TimeControl "180+1"]
[EndTime "10:53:02 PST"]
[Termination "HanSchut won by resignation"]

1. e4 d5 2. exd5 Qxd5 3. Nc3 Qa5 4. d4 c6 5. Bd2 Nf6 6. Bc4 Bg4 7. f3 Bh5 8. Qe2 e6 9. d5 cxd5 10. Nxd5 Qd8 11. Nxf6+ gxf6 12. O-O-O Qc7 13. Bc3 Nd7 14. g4 Bg6 15. h4 h6 16. Nh3 O-O-O 17. g5 hxg5 18.
hxg5 fxg5 19. Bxh8 1-0

[Event "*** Titled Tuesday Blitz"]
[Site "Chess.com"]
[Date "2021.02.09"]
[Round "5"]
[White "Anton_Demchenko"]
[Black "tomsishere"]
[Result "1-0"]
[WhiteElo "2846"]
[BlackElo "2447"]
[TimeControl "180+1"]
[EndTime "10:53:04 PST"]
[Termination "Anton_Demchenko won by resignation"]

1. e4 b6 2. d4 Bb7 3. Bd3 e6 4. Nf3 c5 5. c3 cxd4 6. cxd4 Nf6 7.
Qe2 d5 8. e5 Ne4 9. O-O Nd7 10.
Nbd2 Nxd2 11. Qxd2 Be7 12. Qf4 O-O 13. Qg4 g6 14.
Bh6 Re8 15. h4 Bf8 16. Bg5 h5 17. Qf4 Bg7 18. g4 f6 19. exf6 Bxf6 20. Bxg6 Bxg5 21. Qf7+ 1-0

[Event "*** Titled Tuesday Blitz"]
[Site "Chess.com"]
[Date "2021.02.09"]
[Round "5"]
[White "HackingKid98"]
[Black "The_filthy"]
[Result "1-0"]
[WhiteElo "2480"]
[BlackElo "2277"]
[TimeControl "180+1"]
[EndTime "10:53:06 PST"]
[Termination "HackingKid98 won by resignation"]

1. d4 d5 2. c4 c6 3. Nf3 Nf6 4. g3 g6 5. Bg2 Bg7 6. cxd5 Nxd5 7. O-O O-O 8. e4 Nf6 9. Nc3 Bg4 10. Be3 Na6 11.
h3 Bd7 12. Qd2 Nc7 13. Rad1 Re8 14. Rfe1 b5 15. Ne5 b4 16. Na4 a5 17. g4 Nb5 18.
Nc5 Rc8 19. g5 1-0

[Event "*** Titled Tuesday Blitz"]
[Site "Chess.com"]
[Date "2021.02.09"]
[Round "5"]
[White "verdest"]
[Black "GregShahade"]
[Result "1-0"]
[WhiteElo "2496"]
[BlackElo "2680"]
[TimeControl "180+1"]
[EndTime "10:53:24 PST"]
[Termination "verdest won by resignation"]

1. d4 Nf6 2. c4 g6 3. g3 Bg7 4. Bg2 d5 5. cxd5 Nxd5 6. Nc3 Nb6 7. Nf3 Nc6 8. O-O Nxd4 9. Nxd4 Qxd4 10. a4 Qxd1 11.
Rxd1 a6 12. a5 Nc4 13. Nd5 O-O 14. Nxe7+ Kh8 15. Nxc8 Raxc8 16. Bxb7 Rcd8 17. Rxd8 Rxd8 18. Bxa6 Rd1+ 19. Kg2 Nxa5 20. Rxa5 Rxc1 21. b3 Be5 22.
Rxe5 1-0

[Event "*** Titled Tuesday Blitz"]
[Site "Chess.com"]
[Date "2021.02.09"]
[Round "5"]
[White "SirStrateg"]
[Black "MrTattaglia"]
[Result "0-1"]
[WhiteElo "2578"]
[BlackElo "2794"]
[TimeControl "180+1"]
[EndTime "10:53:38 PST"]
[Termination "MrTattaglia won by resignation"]

1. d4 e6 2. Bf4 c5 3. e3 Nc6 4. c3 Nf6 5. Nf3 b6 6. Nbd2 Bb7 7. Bd3 Be7 8. h3 O-O 9. Qe2 Rc8 10. Ba6 Bxa6 11. Qxa6 d6 12. a4 Qd7 13. O-O Rfd8 14. Nb3 Ne4 15. Rfd1 d5 16. a5 c4 17. Nbd2 Nxd2 18.
Nxd2 Nxa5 19. e4 Bf8 20. Re1 Qc6 21. exd5 exd5 22. Qxa7 Rd7 23. Rxa5 bxa5 24. Qxa5 Ra8 0-1

[Event "*** Titled Tuesday Blitz"]
[Site "Chess.com"]
[Date "2021.02.09"]
[Round "5"]
[White "MF1966Idrisov"]
[Black "googlegoom"]
[Result "1-0"]
[WhiteElo "2402"]
[BlackElo "2529"]
[TimeControl "180+1"]
[EndTime "10:53:38 PST"]
[Termination "MF1966Idrisov won by resignation"]

1. Nf3 d5 2. b3 Nf6 3. Bb2 e6 4.
e3 b6 5. d4 Bb7 6. Bd3 Nbd7 7.
O-O Be7 8. Nbd2 c5 9. Ne5 Rc8 10. f4 O-O 11. Qf3 a6 12. Rad1 b5 13. Nxd7 Qxd7 14.
dxc5 Rxc5 15. Qh3 g6 16. Qh6 Rfc8 17. Nf3 Bf8 18. Qh4 Ne8 19. Ba3 Nd6 20. Bxc5 Rxc5 21. Ne5 Qc7 22. Ng4 Ne4 23. Bxe4 dxe4 24. Nf6+ 1-0

[Event "*** Titled Tuesday Blitz"]
[Site "Chess.com"]
[Date "2021.02.09"]
[Round "5"]
[White "CHENNAIBOND"]
[Black "sopo-tereladze"]
[Result "0-1"]
[WhiteElo "1681"]
[BlackElo "2286"]
[TimeControl "180+1"]
[EndTime "10:53:38 PST"]
[Termination "sopo-tereladze won by resignation"]

1. e4 e5 2. Nf3 Nc6 3. Bb5 a6 4. Ba4 Nf6 5. O-O Be7 6. Re1 b5 7. Bb3 O-O 8. c3 d5 9. exd5 Nxd5 10. Nxe5 Nxe5 11. Rxe5 c6 12. d3 Bd6 13. Re1 Qh4 14.
g3 Qh3 15. Qf3 Bg4 16. Qg2 Qh5 17. Nd2 Rae8 18. Rf1 Bh3 19. Qf3 Bg4 20. Qh1 Be2 21.
Re1 Bxd3 22. Nf3 Qxf3 0-1

[Event "*** Titled Tuesday Blitz"]
[Site "Chess.com"]
[Date "2021.02.09"]
[Round "5"]
[White "jamalm2"]
[Black "LenkaPtacnikova"]
[Result "1-0"]
[WhiteElo "1940"]
[BlackElo "2144"]
[TimeControl "180+1"]
[EndTime "10:53:41 PST"]
[Termination "jamalm2 won by resignation"]

1. e4 c5 2. Nf3 e6 3. d4 cxd4 4. Nxd4 Nf6 5. Nc3 Nc6 6. Ndb5 Bb4 7. Nd6+ Ke7 8. Nxc8+ Rxc8 9. Bd3 d5 10. exd5 Nxd5 11. Bd2 Nxc3 12. bxc3 Ba5 13. O-O Qd5 14. c4 Qc5 15. Be3 Qe5 16. Qf3 h6 17. Rab1 Rc7 18.
Bf4 Qc3 19. Bxc7 Bxc7 20. Rxb7 1-0

[Event "*** Titled Tuesday Blitz"]
[Site "Chess.com"]
[Date "2021.02.09"]
[Round "5"]
[White "j2806"]
[Black "CalinGheorghiu"]
[Result "0-1"]
[WhiteElo "2093"]
[BlackElo "2297"]
[TimeControl "180+1"]
[EndTime "10:53:48 PST"]
[Termination "CalinGheorghiu won by resignation"]

1. e4 c5 2. Nf3 d6 3. d4 cxd4 4. Nxd4 Nf6 5. Nc3 a6 6. Be3 e5 7. Nb3 Be6 8. f3 Be7 9. Qd2 O-O 10. O-O-O a5 11. Kb1 a4 12. Nc1 a3 13. b3 Ra5 14. g4 d5 15. exd5 Nxd5 16. Nxd5 Rxd5 17.
Bd3 Nc6 18. h4 Bb4 19. Qe2 Nd4 20. Qf2 Qc7 21. Bc4 Rd7 22. Bxe6 fxe6 23. Bxd4 exd4 24. Rxd4 Qc3 25. Nd3 Rxd4 26. Re1 Rxd3 0-1

[Event "*** Titled Tuesday Blitz"]
[Site "Chess.com"]
[Date "2021.02.09"]
[Round "5"]
[White "korkmaz16"]
[Black "Gusarov91"]
[Result "1-0"]
[WhiteElo "2413"]
[BlackElo "2223"]
[TimeControl "180+1"]
[EndTime "10:53:52 PST"]
[Termination "korkmaz16 won by resignation"]

1. e4 c6 2. d4 Na6 3. Nf3 Nc7 4.
d5 g6 5. c4 Bg7 6. Nc3 cxd5 7.
exd5 d6 8. Bd3 Nf6 9. O-O Bg4 10.
h3 Bxf3 11. Qxf3 O-O 12. Re1 Rc8 13. Re2 Na6 14. Bg5 Nb4 15. Rae1 Re8 16. Bb1 Rxc4 17.
Bxf6 Bxf6 18. Qxf6 Rc7 19. Qd4 Na6 20. Ne4 Nc5 21.
Nf6+ 1-0

[Event "*** Titled Tuesday Blitz"]
[Site "Chess.com"]
[Date "2021.02.09"]
[Round "5"]
[White "misterlamine"]
[Black "Kislov_Oleg"]
[Result "0-1"]
[WhiteElo "2282"]
[BlackElo "2482"]
[TimeControl "180+1"]
[EndTime "10:54:07 PST"]
[Termination "Kislov_Oleg won on time"]

1. d4 Nf6 2. c4 e6 3. Nf3 d5 4.
Nc3 Bb4 5. Bg5 h6 6. Bxf6 Qxf6 7. e3 O-O 8. Qb3 Nc6 9. cxd5 exd5 10. Be2 Qd6 11.
O-O Bxc3 0-1

[Event "*** Titled Tuesday Blitz"]
[Site "Chess.com"]
[Date "2021.02.09"]
[Round "5"]
[White "kakorrhaphiophobie"]
[Black "Kretov_Evgenij"]
[Result "0-1"]
[WhiteElo "2323"]
[BlackElo "2503"]
[TimeControl "180+1"]
[EndTime "10:54:08 PST"]
[Termination "Kretov_Evgenij won by resignation"]

1. d4 Nf6 2. c4 c5 3. d5 e5 4.
Nc3 d6 5. e4 Be7 6. f4 exf4 7.
Bxf4 Nbd7 8. Nf3 Nh5 9. Be3 g6 10. Qd2 O-O 11. g4 Ng7 12. h4 Nf6 13. g5 Ng4 14.
Bf4 f6 15. O-O-O fxg5 16. Nxg5 Nh5 17. Nh3 Bxh4 18. Kb1 Nxf4 19. Nxf4 Bg5 20. Nce2 Qf6 21. Bh3 Bxf4 22. Nxf4 Qxf4 23. Qxf4 Rxf4 24. Bxg4 Bxg4 0-1

[Event "*** Titled Tuesday Blitz"]
[Site "Chess.com"]
[Date "2021.02.09"]
[Round "5"]
[White "Maksimus1998"]
[Black "Chuchofrio1"]
[Result "1-0"]
[WhiteElo "2497"]
[BlackElo "2304"]
[TimeControl "180+1"]
[EndTime "10:54:10 PST"]
[Termination "Maksimus1998 won by resignation"]

1. Nf3 Nf6 2. g3 g6 3. Bg2 Bg7 4. O-O O-O 5. d3 d6 6. Nc3 e5 7. e4 Nc6 8. h3 Ne8 9. Nd5 Ne7 10. Bg5 f6 11. Nxe7+ Qxe7 12. Bd2 f5 13. Qe2 h5 14. Nh4 Qf7 15. exf5 gxf5 16. f4 Be6 17. Rae1 Qd7 18. Qxh5 Rf6 19. fxe5 dxe5 20. Bc3 Rh6 21. Qe2 f4 22.
Bxe5 Bxh3 23. Bxh3 Qxh3 24. Bxf4 Nf6 25. Qe6+ Kh7 26. Qxh3 1-0

[Event "*** Titled Tuesday Blitz"]
[Site "Chess.com"]
[Date "2021.02.09"]
[Round "5"]
[White "rachidhuilda"]
[Black "SkippingLaptop"]
[Result "1/2-1/2"]
[WhiteElo "2285"]
[BlackElo "2067"]
[TimeControl "180+1"]
[EndTime "10:54:14 PST"]
[Termination "Game drawn by agreement"]

1. d4 Nf6 2. Bg5 e6 3. e4 d5 4. Nd2 dxe4 5. Nxe4 Be7 6. Nxf6+ Bxf6 7. Bxf6 Qxf6 8.
Nf3 O-O 9. Bd3 Nc6 10. c3 e5 11. dxe5 Nxe5 12. Nxe5 Qxe5+ 13. Qe2 Qxe2+ 14. Kxe2 Re8+ 15. Kd2 Bg4 16. Rhe1 Kf8 17. Rxe8+ Rxe8 18. Re1 Rxe1 19. Kxe1 Ke7 20. h3 Be6 21. a3 h6 22. Kd2 1/2-1/2

[Event "*** Titled Tuesday Blitz"]
[Site "Chess.com"]
[Date "2021.02.09"]
[Round "5"]
[White "Aygehovit1992"]
[Black "Sergienko_Sergey"]
[Result "1-0"]
[WhiteElo "2615"]
[BlackElo "2383"]
[TimeControl "180+1"]
[EndTime "10:54:19 PST"]
[Termination "Aygehovit1992 won by resignation"]

1. e4 c5 2. Nc3 g6 3. f4 Bg7 4. Nf3 d6 5. Bb5+ Bd7 6. Bc4 e6 7. O-O Ne7 8. d3 O-O 9. Qe1 Bc6 10. f5 d5 11. fxe6 dxc4 12. exf7+ Kh8 13. Qh4 Rxf7 14. Be3 Nd7 15. Ng5 Rxf1+ 16. Rxf1 1-0

[Event "*** Titled Tuesday Blitz"]
[Site "Chess.com"]
[Date "2021.02.09"]
[Round "5"]
[White "bsnsun"]
[Black "champ2005"]
[Result "0-1"]
[WhiteElo "2448"]
[BlackElo "3003"]
[TimeControl "180+1"]
[EndTime "10:54:19 PST"]
[Termination "champ2005 won by resignation"]

1. d4 g6 2. c4 Bg7 3. Nf3 d6 4. Nc3 e6 5. e4 Ne7 6. g3 h6 7. Bg2 Nbc6 8. O-O e5 9. Be3 O-O 10. d5 Nb8 11. c5 f5 12. cxd6 cxd6 13. Rc1 a6 14. a4 Nd7 15. b4 f4 16. gxf4 exf4 17. Bd4 Bxd4 18. Qxd4 g5 19. h3 Ng6 20. Ne2 Nde5 21. Kh2 g4 22. hxg4 Bxg4 23. Nxe5 dxe5 24. Qc4 Qh4+ 25. Kg1 f3 26. d6+ Kh8 27. Ng3 fxg2 28. Rfe1 Bf3 0-1

[Event "*** Titled Tuesday Blitz"]
[Site "Chess.com"]
[Date "2021.02.09"]
[Round "5"]
[White "vinniethepooh"]
[Black "Anna_ChessMate"]
[Result "1-0"]
[WhiteElo "2753"]
[BlackElo "2561"]
[TimeControl "180+1"]
[EndTime "10:54:22 PST"]
[Termination "vinniethepooh won by resignation"]

1. d4 d5 2. c4 c6 3. Nc3 Nf6 4. cxd5 cxd5 5. f3 Nc6 6. e4 Be6 7. e5 Nd7 8. f4 g6 9. Nf3 Bg7 10. Ng5 O-O 11. Nxe6 fxe6 12. Be3 Nb6 13. Qg4 Qd7 14.
h4 Nc4 15. Bxc4 dxc4 16. h5 Nxd4 17. O-O-O 1-0